 Dungeon Crawl Stone Soup version 0.31.0-12-g77e489cdc1 (webtiles) character file.

Game seed: 9778186687245694133

1759273 GeoRichter the Conqueror (level 27, 323/323 HPs)
             Began as an Oni Gladiator on Jan 26, 2024.
             Was a High Priest of Okawaru.
             Escaped with the Orb
             ... and 3 runes on Feb 19, 2024!
             The game lasted 02:38:43 (61119 turns).

GeoRichter the Conqueror (Oni Gladiator)           Turns: 61119, Time: 02:38:44

Health: 323/323    AC: 35    Str: 37    XL:     27
Magic:  33/33      EV:  7    Int: 12    God:    Okawaru [*****.]
Gold:   6371       SH: 32    Dex: 16    Spells: 26/26 levels left

rFire   + + +        b - +8 morningstar of Destiny {speed, *Noise rF+ Int+4}
rCold   + + +        n - +6 tower shield "Loczonwa" {-Cast Rampage +Inv rC+++}
rNeg    + . .        B - +7 gold dragon scales of the Skies Above {rPois rF+ rC+ rN+ Will+ Regen+ Stlth+}
rPois   +            F - +1 hat of the Ghostly Grue {rElec rC++ Str+4}
rElec   +            t - +2 cloak
rCorr   .            (gloves unavailable)
SInv    .            (boots unavailable)
Will    +++++        Q - amulet of regeneration Stlth
                     r - ring "Zuotosmi" {rF+ rC+ Will++ Slay+4}
HPRegen 2.33/turn    I - ring of Xom's Fair Game {Will+ Slay+4}
MPRegen 0.23/turn

%: no spellcasting, rampage
@: no status effects
A: large, unfitting armour, horns 1, tough skin 1, double potion healing,
drunken brawling, large bone plates 1, agile 1, deterioration 1
0: Orb of Zot
}: 3/15 runes: decaying, silver, gossamer
a: Renounce Religion, Evoke Invisibility, Heroism, Finesse, Duel


You escaped.
You worshipped Okawaru.
Okawaru was extremely pleased with you.
You visited 10 branches of the dungeon, and saw 47 of its levels.
You also visited: Sewer, Ice Cave, Volcano and Wizlab.

You collected 9127 gold pieces.
You spent 2756 gold pieces at shops.

Inventory:

Hand Weapons
 a - a +9 demon whip of protection
   (Okawaru gifted it to you on level 2 of the Orcish Mines)
 b - the +8 morningstar of Destiny (weapon) {speed, *Noise rF+ Int+4}
   (You found it on level 3 of the Depths)

   Int+4:     It affects your intelligence (+4).
   rF+:       It protects you from fire.
   *Noise:    It may make a loud noise when swung.
 X - a +2 demon whip of electrocution
   (You took it off a spriggan defender on level 2 of the Depths)
Missiles
 d - 4 throwing nets {!f}
 e - 78 large rocks (quivered)
 f - 29 javelins
 l - 15 silver javelins
 p - a curare-tipped dart {!f}
 A - 19 datura-tipped darts
Armour
 n - the +6 tower shield "Loczonwa" (worn) {-Cast Rampage +Inv rC+++}
   (You acquired it on level 14 of the Dungeon)

   rC+++:     It renders you almost immune to cold.
   +Inv:      It lets you turn invisible.
   -Cast:     It prevents spellcasting.
   Rampage:   It bestows one free step when moving towards enemies.
 t - a +2 cloak (worn)
   (You took it off Crazy Yiuf on level 3 of the Dungeon)
 B - the +7 gold dragon scales of the Skies Above (worn) {rPois rF+ rC+ rN+ Will+ Regen+ Stlth+}
   (Okawaru gifted it to you on level 2 of the Orcish Mines)

   rF+:       It protects you from fire.
   rC+:       It protects you from cold.
   rPois:     It protects you from poison rN+: It protects you from negative
   energy.
   Will+:     It increases your willpower.
   Regen+:    It increases your rate of health regeneration.
   Stlth+:    It makes you more stealthy.
 F - the +1 hat of the Ghostly Grue (worn) {rElec rC++ Str+4}
   (You found it on level 4 of the Spider Nest)

   Str+4:     It affects your strength (+4).
   rC++:      It greatly protects you from cold.
   rElec:     It insulates you from electricity.
Jewellery
 r - the ring "Zuotosmi" (left hand) {rF+ rC+ Will++ Slay+4}
   (You took it off a deep elf sorcerer on level 3 of the Elven Halls)

   [ring of slaying]

   Slay+4:    It affects your accuracy & damage with ranged weapons and melee
   (+4).
   rF+:       It protects you from fire.
   rC+:       It protects you from cold.
   Will++:    It greatly increases your willpower.
 D - a ring of resist corrosion
   (You found it on level 3 of the Spider Nest)
 E - a ring of positive energy
   (You found it on level 2 of the Depths)
 I - the ring of Xom's Fair Game (right hand) {Will+ Slay+4}
   (You bought it in a shop on level 2 of the Orcish Mines)

   [ring of willpower]

   Slay+4:    It affects your accuracy & damage with ranged weapons and melee
   (+4).
   Will+:     It increases your willpower.
 Q - an amulet of regeneration (around neck)
   (You found it on level 3 of the Lair of Beasts)
Talismans
 G - a maw talisman
   (You found it on level 9 of the Dungeon)
Wands
 i - a wand of iceblast (56)
   (You took it off Ijyb on level 3 of the Dungeon)
 o - a wand of quicksilver (36)
   (You found it on level 4 of the Dungeon)
 J - a wand of flame (36)
   (You found it on level 9 of the Dungeon)
 S - a wand of polymorph (12)
   (You found it on level 3 of the Lair of Beasts)
 U - a wand of paralysis (58)
   (You found it in an ice cave)
 V - a wand of mindburst (36)
   (You found it in an ice cave)
 Z - a wand of digging (1)
   (You found it on level 2 of the Elven Halls)
Scrolls
 c - 4 scrolls of torment {!r}
 j - 9 scrolls of enchant armour
 m - 14 scrolls of vulnerability {!r}
 q - 19 scrolls of teleportation {@r4}
 v - 13 scrolls of fear
 C - 8 scrolls of blinking
 H - 3 scrolls of immolation {!r}
 O - 7 scrolls of fog
 P - 4 scrolls of silence
 W - 8 scrolls of poison
Potions
 g - 14 potions of curing {@q1}
 h - 12 potions of might
 k - 15 potions of heal wounds {@q2}
 s - 9 potions of enlightenment
 u - 6 potions of haste {@q3}
 w - 11 potions of attraction {!q}
 x - 3 potions of berserk rage
 K - 5 potions of cancellation
 L - 2 potions of brilliance
 M - 8 potions of invisibility
 N - 3 potions of resistance
 R - 9 potions of mutation {!q}
 T - 6 potions of lignification {!q}
 Y - 10 potions of ambrosia
Miscellaneous
 y - a lightning rod (4/4) {!a}
   (You found it on level 5 of the Vaults)


   Skills:
 O Level 27 Fighting
 - Level 16.0 Maces & Flails
 + Level 22.7 Throwing
 + Level 19.1 Armour
 - Level 4.0 Dodging
 + Level 20.9 Shields
 - Level 14.0 Invocations
 - Level 9.0 Evocations


You had 26 spell levels left.
You didn't know any spells.
Your spell library contained the following spells:

 Spells                   Type           Power      Damage    Failure   Level
 Apportation              Tloc           0%         N/A       97%         1
 Freeze                   Ice            0%         1d3       97%         1
 Magic Dart               Conj           0%         1d3       97%         1
 Necrotise                Necr           0%         1d4       97%         1
 Sandblast                Erth           0%         2d4       97%         1
 Sting                    Conj/Alch      0%         1d3       97%         1
 Blink                    Tloc           0%         N/A       99%         2
 Cigotuvi's Dreadful Rot  Necr/Alch/Air  0%         N/A       99%         2
 Mercury Vapours          Alch/Air       0%         N/A       99%         2
 Scorch                   Fire           0%         2d5       99%         2
 Searing Ray              Conj           0%         2d4       99%         2
 Frozen Ramparts          Ice            0%         1d1       100%        3
 Fugue of the Fallen      Necr           0%         N/A       100%        3
 Hailstorm                Conj/Ice       0%         3d5       100%        3
 Inner Flame              Hex/Fire       0%         N/A       100%        3
 Mephitic Cloud           Conj/Alch/Air  0%         N/A       100%        3
 Ozocubu's Armour         Ice            0%         N/A       100%        3
 Passwall                 Erth           0%         N/A       100%        3
 Sigil of Binding         Hex            0%         N/A       100%        3
 Stone Arrow              Conj/Erth      0%         3d7       100%        3
 Volatile Blastmotes      Fire/Tloc      0%         2d10      100%        3
 Brom's Barrelling Bould  Conj/Erth      0%         2d3       100%        4
 Dimensional Bullseye     Hex/Tloc       0%         N/A       100%        4
 Flame Wave               Conj/Fire      0%         2d4       100%        4
 Fulminant Prism          Conj/Alch      0%         3d5       100%        4
 Ignite Poison            Fire/Alch      0%         N/A       100%        4
 Iskenderun's Mystic Bla  Conj/Tloc      0%         2d3       100%        4
 Manifold Assault         Tloc           0%         N/A       100%        4
 Passage of Golubria      Tloc           0%         N/A       100%        4
 Sticky Flame             Fire/Alch      0%         2d4       100%        4
 Vhi's Electric Charge    Tloc/Air       0%         N/A       100%        4
 Alistair's Intoxication  Alch           0%         N/A       100%        5
 Arcjolt                  Conj/Air       0%         1d10      100%        5
 Borgnjor's Vile Clutch   Necr/Erth      0%         N/A       100%        5
 Fireball                 Conj/Fire      0%         3d3       100%        5
 Freezing Cloud           Conj/Ice/Air   0%         6-21      100%        5
 Irradiate                Conj/Alch      0%         3d11      100%        5
 Iskenderun's Battlesphe  Conj           0%         2d6       100%        5
 Lee's Rapid Deconstruct  Erth           0%         3d4*      100%        5
 Silence                  Hex/Air        0%         N/A       100%        5
 Yara's Violent Unravell  Hex/Alch       0%         3d3       100%        5
 Conjure Ball Lightning   Conj/Air       0%         3x3d6     100%        6
 Dispersal                Tloc           0%         N/A       100%        6
 Eringya's Noxious Bog    Alch           0%         4d6       100%        6
 Orb of Destruction       Conj           0%         9d5       100%        7
 Borgnjor's Revivificati  Necr           0%         N/A       100%        8
 Disjunction              Tloc           0%         N/A       100%        8
 Ignition                 Fire           0%         3d3       100%        8
 Lehudib's Crystal Spear  Conj/Erth      0%         10d2      100%        8
 Maxwell's Capacitive Co  Air            0%         ∞         100%        8
 Death's Door             Necr           0%         N/A       100%        9
 Summon Small Mammal      Summ           Unusable   N/A       N/A         1
 Call Imp                 Summ           Unusable   N/A       N/A         2
 Call Canine Familiar     Summ           Unusable   N/A       N/A         3
 Tukima's Dance           Hex            Unusable   N/A       N/A         3
 Animate Armour           Summ/Erth      Unusable   N/A       N/A         4
 Animate Dead             Necr           Unusable   N/A       N/A         4
 Summon Blazeheart Golem  Fire/Summ      Unusable   N/A       N/A         4
 Summon Lightning Spire   Summ/Air       Unusable   N/A       N/A         4
 Death Channel            Necr           Unusable   N/A       N/A         6
 Summon Cactus Giant      Summ           Unusable   N/A       N/A         6
 Haunt                    Necr/Summ      Unusable   N/A       N/A         7
 Spellforged Servitor     Conj/Summ      Unusable   N/A       N/A         7

Dungeon Overview and Level Annotations

Branches:
Dungeon (15/15)            Temple (1/1) D:5            Lair (4/5) D:11
  Swamp (4/4) Lair:3       Spider (4/4) Lair:3          Orc (2/2) D:9
    Elf (3/3) Orc:2        Vaults (5/5) D:13          Crypt (0/3) Vaults:2
 Depths (4/4) D:15            Zot (5/5) Depths:4      Sewer (visited)
  IceCv (visited)         Volcano (visited)          WizLab (visited)
  Slime: Lair:4-5

Altars:
Ashenzari
Cheibriados
Dithmenos
Elyvilon
Fedhas
Gozag
Hepliaklqana
Kikubaaqudgha
Makhleb
Nemelex Xobeh
Okawaru
Qazlal
Ru
Sif Muna
Trog
Uskayaw
Vehumet
Wu Jian
Xom
Yredelemnul
Zin
The Shining One

Shops:
D:7 (   D:10 *   Orc:1 *   Orc:2 [(*=   Vaults:5 !!(*   Depths:4 :=

Portals:
Hell: Depths:1 Depths:2 Depths:3 Depths:4
Abyss: Depths:1 Depths:2 Depths:3
Pandemonium: Depths:2 Depths:4
Ziggurat: Depths:4

Annotations:
Lair:1 3 runed translucent doors, Democracy123's ghost, journeyman FoFi
Swamp:2 2 transporters, Piask's ghost, adept FoAK; Roxanne
Spider:1 exclusions: 6 doors and obsidian statue
Elf:2 3 runed translucent doors
Elf:3 exclusion: orange crystal statue
Depths:1 1 runed translucent door
Depths:4 exclusions: 2 draconian stormcallers and 2 more exclusions
Zot:3 2 exclusions


Innate Abilities, Weirdness & Mutations

You are too large for most types of armour.
You have a pair of small horns on your head.
You have tough skin. (AC +1)
You gain doubled healing and magic from potions.
Whenever you drink a healing potion, you attack all around you.
You are partially covered in large bone plates. (SH +4)
You are agile. (Dex +4, Str/Int -1)
Your body sometimes deteriorates upon taking damage.


Message History

You headbutt the hell beast!
The hell beast is lightly wounded.
You closely miss the hell beast.
The hell beast is lightly wounded.
You block the hell beast's attack.
The hell beast tramples you but does no damage.
You perforate the hell beast like a sieve!!!
You headbutt the hell beast.
The hell beast is severely wounded.
You completely miss the hell beast. You headbutt the hell beast!!
The hell beast is almost dead.
You sock the hell beast!
Your morningstar of Destiny snorts.
You kill the hell beast!
Okawaru accepts your kill.
No target in view!
What level of the Dungeon? (default 1, ? - help) Magic restored.
There is a stone staircase leading up here.
You climb upwards.
There is a stone staircase leading down here.
You feel like a meek peon again.
Your hands slow down.
An Orb Guardian comes into view.
There is a stone staircase leading up here.
You climb upwards.
There is a stone staircase leading down here.
What level of the Dungeon? (default 1, ? - help)
A chaos spawn comes into view.
There is a stone staircase leading up here.
You climb upwards.
There is a stone staircase leading down here.
An Orb Guardian comes into view.
Aiming: Dig
Press: ? - help, Shift-Dir - straight line A rock wall.
This square is covered in magical glow.
The rock shatters into small pieces.
The Orb Guardian attacks as it pursues you!
You block the Orb Guardian's attack. x2
The Orb Guardian attacks as it pursues you!
You block the Orb Guardian's attack. The Orb Guardian hits you.
The Orb Guardian attacks as it pursues you!
You block the Orb Guardian's attack. You block the Orb Guardian's attack.
The Orb Guardian attacks as it pursues you!
The Orb Guardian hits you but does no damage.
There is a staircase leading out of the dungeon here.
You block the Orb Guardian's attack. x2
You have escaped!

.# ###.............### #. .#
##.................## ## .#
##......####.........## # ##
##.....########........## .#
#.....###....####.......# .##
##....##........###......## ..#
#....###...###...##.......# ..#
#....##...###+#..###......## ..#
#....##..##@X###..##.......#
..####....###..##..##..###......#
....###....##.....#....###......#
....# ##....#######....##........
....# #......####....###........
....## ##............#.##........
###..#######......#####.#........
##...# ######## ##.....>...
###.#################.....)...


You could see an Orb Guardian.

Vanquished Creatures
  2 dread liches
  5 orbs of fire
  2 ancient liches
  Bai Suzhen (Depths:2)
  Vv (Zot:1)
  A Killer Klown (Zot:5)
  A caustic shrike (Depths:3)
  A curse toe (Zot:2)
  7 golden dragons
  Nikola (Depths:1)
  Norris (Vaults:4)
  Arachne (Spider:3)
  A Tzitzimitl (Zot:1)
  6 electric golems
  6 liches
  Mlioglotl (Swamp:3)
  20 tentacled monstrosities
  4 deep elf blademasters
  22 Orb Guardians
  A walking earthen tome (Depths:3)
  2 deep elf master archers (Elf:3)
  2 walking divine tomes
  6 quicksilver dragons
  3 titans
  A walking frostbound tome (Depths:3)
  8 sphinxes
  3 pandemonium lords
  3 death cobs
  Agnes (Spider:3)
  20 storm dragons
  12 tengu reavers
  12 shadow dragons
  A thorn hunter (Swamp:3)
  6 protean progenitors
  5 draconian knights
  8 fire giants
  2 balrugs
  4 draconian shifters
  3 deep elf elementalists (Elf:3)
  8 deep elf sorcerers
  7 draconian monks
  15 frost giants
  A juggernaut zombie (Depths:1)
  3 emperor scorpions
  2 orc warlords
  10 ghost moths
  A draconian scorcher (Zot:2)
  16 vault wardens
  19 very ugly things
  21 ironbound preservers
  An angel (Zot:2)
  5 draconian stormcallers
  3 formless jellyfish
  3 draconian annihilators
  12 ironbound thunderhulks
  4 spriggan defenders
  4 deep elf death magi
  3 broodmothers
  6 vampire knights
  13 stone giants
  12 black draconians
  5 white draconians
  2 eleionomae (Swamp:3)
  10 deep elf demonologists
  14 spark wasps
  9 yellow draconians
  8 green draconians
  6 red draconians
  3 war gargoyles
  7 deep elf annihilators
  13 dire elephants
  11 bunyips
  12 purple draconians
  12 ettins
  3 crystal guardians
  3 green deaths
  7 entropy weavers
  4 fire dragons
  5 spriggan zombies (Depths:2)
  An entropy weaver (shapeshifter) (D:15)
  A shambling mangrove (Swamp:4)
  6 deep elf high priests
  14 yaktaur captains
  3 hell beasts
  12 hydras
  A jiangshi (Depths:2)
  6 great orbs of eyes
  6 ice dragons
  2 rakshasas
  6 alligators
  11 ironbound frosthearts
  28 vault guards
  3 ogre magi
  A jorogumo (Spider:2)
  11 boulder beetles
  12 peacekeepers
  A spriggan air mage (Depths:3)
  A salamander tyrant (WizLab)
  A ghost crab (Swamp:1)
  6 radroaches
  9 centaur warriors
  A deep troll shaman (Depths:3)
  10 two-headed ogres
  Erica (Lair:1)
  9 dancing weapons
  A death yak (Lair:3)
  2 satyrs (Zot:2)
  An orc high priest (Elf:3)
  9 vampire magi
  Urug (Lair:1)
  2 hell knights
  7 tengu warriors
  4 hell hogs
  7 deep troll earth magi
  18 demonic crawlers
  8 deep elf knights
  8 spriggan berserkers
  7 sun demons
  3 soul eaters
  A fire crab (Volcano)
  4 skysharks (Vaults:4)
  5 iron trolls
  13 pharaoh ants
  6 orb spiders
  7 goliath frogs
  3 spark wasp zombies (Depths:2)
  61 deep trolls
  Lodul (D:13)
  2 glowing orange brains
  7 spriggan druids
  10 bog bodies
  4 sun moths
  10 deep elf archers
  A glowing orange brain (shapeshifter) (Vaults:5)
  8 arcanists
  8 flayed ghosts
  4 swamp dragons (Swamp:4)
  10 large abominations
  2 steelbarb worms (shapeshifter)
  A golden dragon skeleton (Depths:2)
  27 ironbound convokers
  9 steelbarb worms
  7 orc knights
  A tengu zombie (Depths:1)
  4 harpies (Vaults:1)
  2 lindwurms (Vaults:3)
  2 lightning spires (WizLab)
  5 necromancers
  11 phantasmal warriors
  24 deep elf pyromancers
  4 cyclopes
  5 orc sorcerers
  23 deep elf zephyrmancers
  A fire giant zombie (Depths:2)
  15 wolf spiders
  8 salamanders
  50 ugly things
  A manticore (shapeshifter) (Vaults:5)
  3 elephants (Lair:4)
  5 manticores
  A moth of wrath (shapeshifter) (Vaults:5)
  4 molten gargoyles
  4 meliai (Spider:4)
  40 moths of wrath
  A torpor snail (shapeshifter) (Vaults:5)
  An ice statue (IceCv)
  A fire giant skeleton (Depths:1)
  A rust devil (D:14)
  15 vault sentinels
  3 black mambas
  A cane toad (shapeshifter) (Elf:2)
  A meliai (shapeshifter) (Vaults:5)
  5 smoke demons (Depths:1)
  5 gargoyles (WizLab)
  8 orange demons
  8 cane toads
  4 unseen horrors
  2 eyes of devastation (Zot:1)
  10 torpor snails
  49 yaktaurs
  Jeremiah (D:6)
  3 rime drakes (Lair:3)
  2 tengu conjurers
  A hellion (D:4)
  A red devil (D:15)
  An anaconda simulacrum (IceCv)
  2 freezing wraiths (Vaults:5)
  4 komodo dragons
  5 trolls
  A hellwing (Depths:1)
  Prince Ribbit (D:9)
  6 polar bears
  9 hornets
  6 tyrant leeches
  A snapping turtle (Zot:2)
  25 blink frogs
  A blink frog (shapeshifter) (Depths:2)
  2 snapping turtles (shapeshifter) (Vaults:5)
  7 dream sheep
  A frost giant simulacrum (Depths:2)
  2 glass eyes (Depths:3)
  24 tarantellas
  A slime creature (shapeshifter) (Vaults:4)
  15 jumping spiders
  30 culicivoras
  A fire giant simulacrum (Depths:2)
  5 shadows
  36 slime creatures
  A ynoxinul (Depths:1)
  2 air elementals
  3 wyverns
  3 vampires (Vaults:2)
  4 small abominations (Depths:3)
  11 spriggans
  58 yaks
  7 fire bats (Volcano)
  10 basilisks
  2 fire elementals
  7 wargs
  3 steam dragons
  2 harpy simulacra (IceCv)
  52 redbacks
  16 vampire mosquitoes
  3 death yak simulacra (IceCv)
  An acid dragon (D:11)
  A hydra simulacrum (IceCv)
  8 swamp worms
  2 hell hounds (Volcano)
  15 water moccasins
  31 orc warriors
  3 black bears
  An ice beast (D:6)
  2 laughing skulls (D:13)
  19 ogres
  A swamp drake (Swamp:4)
  13 centaurs
  A boggart (Vaults:1)
  22 wolves
  A phantom (D:7)
  6 kobold brigands
  10 bullfrogs
  3 gnoll sergeants
  9 scorpions
  10 earth elementals
  4 two-headed ogre simulacra (IceCv)
  4 necrophages
  2 cane toad simulacra (IceCv)
  11 wights
  9 howler monkeys
  3 lava snakes (Volcano)
  A bombardier beetle (D:2)
  A quasit (D:8)
  A sleepcap (D:6)
  2 gnoll boudas
  16 orc priests
  Crazy Yiuf (D:3)
  5 hounds
  2 iguanas
  Terence (D:2)
  26 orc wizards
  Ijyb (D:3)
  4 spriggan simulacra (IceCv)
  7 troll simulacra (IceCv)
  3 polar bear simulacra (IceCv)
  5 wolf simulacra (IceCv)
  Robin (D:3)
  32 gnolls
  8 naga simulacra (IceCv)
  6 adders
  A river rat (Sewer)
  20 white imps
  8 ufetubi
  5 dart slugs
  3 ribbon worms
  88 orcs
  8 ball pythons
  8 endoplasms
  A giant cockroach (D:1)
  22 goblins
  11 hobgoblins
  7 jackals
  4 quokkas
  5 bats
  5 frilled lizards
  23 kobolds
  10 rats
  3 aspiring fleshes
2195 creatures vanquished.

Vanquished Creatures (collateral kills)
  A tentacled monstrosity (Zot:5)
  An Orb Guardian (Zot:5)
  A two-headed ogre (Orc:2)
  An orc high priest (Orc:2)
  An orc sorcerer (Orc:2)
  2 orc warriors (Orc:2)
  2 orc priests (Orc:2)
  2 orcs (Orc:2)
11 creatures vanquished.

Vanquished Creatures (others)
  A tentacled monstrosity (Zot:4)
  An Orb Guardian (Zot:5)
  A white draconian (Zot:3)
  A two-headed ogre (Orc:2)
  4 deep elf knights
  A sixfirhy (D:14)
  A deep elf archer (Elf:2)
  A deep elf pyromancer (Elf:1)
  A bloated husk (Swamp:3)
  A tyrant leech (Swamp:1)
  2 spriggans (Swamp:4)
  An ogre (Orc:2)
16 creatures vanquished.

Grand Total: 2222 creatures vanquished

Notes
Turn   | Place    | Note
-------+----------+-------------------------------------------
     0 | D:1      | GeoRichter the Oni Gladiator began the quest for the Orb.
     0 | D:1      | Reached XP level 1. HP: 22/22 MP: 1/1
   240 | D:1      | Reached XP level 2. HP: 27/29 MP: 2/2
   276 | D:1      | Reached skill level 3 in Fighting
   483 | D:1      | Reached XP level 3. HP: 37/37 MP: 3/3
  1098 | D:2      | Reached XP level 4. HP: 43/45 MP: 4/4
  1365 | D:2      | Reached XP level 5. HP: 14/54 MP: 5/5
  1547 | D:2      | Reached skill level 4 in Fighting
  1635 | D:2      | Noticed Terence
  1672 | D:2      | Killed Terence
  2305 | D:3      | Reached skill level 5 in Maces & Flails
  2381 | D:3      | Found a burning altar of Makhleb.
  2381 | D:3      | Noticed a blizzard demon
  2588 | D:3      | Reached XP level 6. HP: 63/63 MP: 6/6
  2616 | D:3      | Noticed Robin
  2815 | D:3      | Found a runed translucent door.
  2816 | D:3      | Noticed Crazy Yiuf
  2968 | D:3      | Noticed Ijyb
  2975 | D:3      | Killed Ijyb
  2983 | D:3      | Killed Robin
  3216 | D:3      | Found a broken altar of Ashenzari.
  3457 | D:4      | Reached skill level 5 in Fighting
  3500 | D:4      | Reached XP level 7. HP: 71/72 MP: 7/7
  3554 | D:4      | Found a stormy altar of Qazlal.
  3566 | D:4      | Found a basalt altar of Yredelemnul.
  4204 | D:4      | Found a hazy altar of Hepliaklqana.
  4298 | D:5      | Entered Level 5 of the Dungeon
  4327 | D:5      | Found a shimmering blue altar of Sif Muna.
  4418 | D:5      | Reached skill level 6 in Fighting
  4659 | D:5      | Found a staircase to the Ecumenical Temple.
  4724 | Temple   | Entered the Ecumenical Temple
  4778 | D:5      | Reached XP level 8. HP: 76/83 MP: 8/8
  5870 | D:6      | Reached skill level 7 in Fighting
  5883 | D:6      | Found a glowing drain.
  5923 | Sewer    | Entered a sewer
  6219 | Sewer    | Found a white marble altar of Elyvilon.
  6493 | D:6      | Noticed Jeremiah
  7141 | D:7      | Reached XP level 9. HP: 88/94 MP: 9/9
  7159 | D:7      | Reached skill level 5 in Throwing
  7281 | D:7      | Found a white marble altar of Elyvilon.
  7286 | D:7      | Found an iron altar of Okawaru.
  7302 | D:7      | Reached skill level 8 in Fighting
  7313 | D:7      | Became a worshipper of Warmaster Okawaru
  7692 | D:7      | Found Hurount's Antique Weapon Shoppe.
  7751 | D:8      | Found a shadowy altar of Dithmenos.
  7963 | D:8      | Reached skill level 1 in Invocations
  8127 | D:8      | Noticed a two-headed ogre
  8134 | D:8      | Killed a two-headed ogre
  8134 | D:8      | Reached * piety under Okawaru
  8160 | D:7      | Upgraded the game from 0.31.0-9-g3a7656b989 to
                  | 0.31.0-11-ge490571c62
  8535 | D:8      | Reached skill level 9 in Fighting
  8535 | D:8      | Reached skill level 10 in Maces & Flails
  8704 | D:8      | Noticed a hornet
  8708 | D:8      | Paralysed by a hornet for 3 turns
  8713 | D:8      | Paralysed by a hornet for 2 turns
  8718 | D:8      | Killed a hornet
  8723 | D:8      | Reached XP level 10. HP: 56/107 MP: 20/20
  9094 | D:8      | Reached ** piety under Okawaru
  9559 | D:3      | Killed Crazy Yiuf
  9805 | D:6      | Reached skill level 10 in Fighting
 10171 | D:9      | Found a staircase to the Orcish Mines.
 10411 | D:9      | Reached *** piety under Okawaru
 10544 | D:9      | Reached skill level 11 in Fighting
 10593 | D:9      | Reached **** piety under Okawaru
 10594 | D:9      | Reached skill level 1 in Armour
 10721 | D:9      | Found a glowing golden altar of the Shining One.
 10816 | D:9      | Reached XP level 11. HP: 120/120 MP: 21/21
 10980 | D:9      | Noticed Prince Ribbit
 10995 | D:9      | Killed Prince Ribbit
 10998 | D:9      | Paralysed by a hornet for 1 turns
 11367 | D:10     | Entered Level 10 of the Dungeon
 11426 | D:10     | Noticed a two-headed ogre
 11456 | D:10     | Killed a two-headed ogre
 11456 | D:10     | Reached ***** piety under Okawaru
 11678 | D:10     | Reached skill level 12 in Fighting
 12017 | D:10     | Found an opulent altar of Gozag.
 12018 | D:10     | Found a blossoming altar of Fedhas.
 12018 | D:10     | Found a hide-covered altar of Uskayaw.
 12063 | D:10     | Found a sparkling altar of Nemelex Xobeh.
 12155 | D:10     | Found a glowing silver altar of Zin.
 12165 | D:10     | Found Ziuzxisuta's General Store.
 12169 | D:10     | Bought a scroll of teleportation for 45 gold pieces
 12169 | D:10     | Bought a scroll of revelation for 112 gold pieces
 12412 | D:11     | Found a staircase to the Lair.
 12873 | D:11     | Received a gift from Okawaru
 13705 | Lair:1   | Entered Level 1 of the Lair of Beasts
 13779 | Lair:1   | Found a dark tunnel.
 13786 | Volcano  | Entered a volcano
 13997 | Volcano  | Received a gift from Okawaru
 14121 | Volcano  | Noticed a fire crab
 14126 | Volcano  | Reached skill level 13 in Fighting
 14126 | Volcano  | Reached XP level 12. HP: 128/136 MP: 19/22
 14128 | Volcano  | Noticed a hell hog
 14139 | Volcano  | Killed a hell hog
 14141 | Volcano  | Found a radiant altar of Vehumet.
 14141 | Volcano  | Found the +3 Mad Mage's Maulers {Infuse+∞ VampMP -Cast}
 14246 | Lair:1   | Reached skill level 5 in Armour
 14427 | Lair:1   | Received a gift from Okawaru
 14582 | Lair:1   | Noticed Urug
 14601 | Lair:1   | Killed Urug
 14770 | Lair:1   | Found a runed translucent gate.
 14770 | Lair:1   | Found a runed translucent gate.
 15234 | Lair:1   | Reached skill level 15 in Maces & Flails
 15454 | Lair:1   | Found a runed translucent gate.
 15456 | Lair:1   | Noticed Erica
 15465 | Lair:1   | Killed Erica
 15466 | Lair:1   | Reached skill level 14 in Fighting
 15569 | Lair:1   | Noticed Democracy123's ghost (journeyman FoFi)
 15719 | Lair:2   | Received a gift from Okawaru
 16421 | Lair:2   | Reached XP level 13. HP: 148/148 MP: 23/23
 16433 | Lair:2   | Received a gift from Okawaru
 16810 | Lair:2   | Reached skill level 15 in Fighting
 17719 | Lair:3   | Found a staircase to the Swamp.
 17729 | Lair:3   | Received a gift from Okawaru
 18204 | Lair:3   | Found a hole to the Spider Nest.
 18208 | Lair:3   | Received a gift from Okawaru
 18794 | Lair:4   | Found a frozen archway.
 18828 | IceCv    | Entered an ice cave
 19200 | IceCv    | Reached skill level 16 in Fighting
 19200 | IceCv    | Reached skill level 1 in Shields
 19839 | IceCv    | Received a gift from Okawaru
 20480 | Orc:1    | Entered Level 1 of the Orcish Mines
 20489 | Orc:1    | Found Juiddiam's General Store.
 20513 | Orc:1    | Reached XP level 14. HP: 103/163 MP: 24/24
 20779 | Orc:1    | Bought a scroll of teleportation for 45 gold pieces
 20779 | Orc:1    | Bought a scroll of poison for 60 gold pieces
 21483 | Orc:2    | Entered Level 2 of the Orcish Mines
 21645 | Orc:2    | Received a gift from Okawaru
 21648 | Orc:2    | Reached skill level 5 in Shields
 21754 | Orc:2    | Reached skill level 10 in Throwing
 21764 | Orc:2    | Reached skill level 17 in Fighting
 22173 | Orc:2    | Reached ****** piety under Okawaru
 22182 | Orc:2    | Acquired a +7 demon whip
 22182 | Orc:2    | Received a gift from Okawaru
 22183 | Orc:2    | Acquired the +7 gold dragon scales of the Skies Above
                  | {rPois rF+ rC+ rN+ Will+ Regen+ Stlth+}
 22183 | Orc:2    | Received a gift from Okawaru
 22220 | Orc:2    | Noticed an orc warlord
 22251 | Orc:2    | Killed an orc warlord
 22317 | Orc:2    | Found Weneiruk's Antique Armour Emporium.
 22333 | Orc:2    | Found Taluitae's Antique Weapon Emporium.
 22381 | Orc:2    | Found Bomih's Jewellery Emporium.
 22387 | Orc:2    | Bought the ring of Xom's Fair Game {Will+ Slay+4} for 683
                  | gold pieces
 22532 | Orc:2    | Found a staircase to the Elven Halls.
 22653 | Orc:2    | Found Puczol's General Store.
 22659 | Orc:2    | Bought a potion of curing for 42 gold pieces
 22659 | Orc:2    | Bought a scroll of blinking for 105 gold pieces
 23446 | D:12     | Reached skill level 5 in Invocations
 24200 | D:13     | Found a gate to the Vaults.
 24303 | D:13     | Noticed Lodul
 24327 | D:13     | Killed Lodul
 24466 | D:13     | Received a gift from Okawaru
 24781 | D:14     | Reached XP level 15. HP: 166/176 MP: 18/20
 24791 | D:14     | Reached skill level 18 in Fighting
 24904 | D:14     | Reached skill level 1 in Evocations
 24915 | D:14     | Received a gift from Okawaru
 25004 | D:14     | Identified the +0 leather armour of Ridonkale {rPois}
 25222 | D:14     | Identified the +7 chain mail of Seos {rN+ Dex+2}
 25595 | D:14     | Identified 2 scrolls of acquirement
 25596 | D:14     | Acquired the +6 tower shield "Loczonwa" {-Cast Rampage +Inv
                  | rC+++}
 25597 | D:14     | Acquired 1024 gold pieces
 25613 | D:15     | Entered Level 15 of the Dungeon
 25761 | D:15     | Received a gift from Okawaru
 25857 | D:15     | Found a staircase to the Depths.
 25999 | D:15     | Reached skill level 10 in Invocations
 26940 | D:6      | Killed Jeremiah
 27676 | Lair:4   | Received a gift from Okawaru
 27834 | Lair:4   | Reached XP level 16. HP: 185/185 MP: 24/24
 28505 | Swamp:1  | Entered Level 1 of the Swamp
 28706 | Swamp:1  | Received a gift from Okawaru
 29284 | Swamp:2  | Found a snail-covered altar of Cheibriados.
 29345 | Swamp:2  | Received a gift from Okawaru
 29450 | Swamp:2  | You fall into a shaft and drop 1 floor!
 29591 | Swamp:2  | Noticed Roxanne
 29717 | Swamp:2  | Noticed Piask's ghost (adept FoAK)
 29724 | Swamp:2  | Found a transporter.
 29728 | Swamp:2  | Identified the +3 quarterstaff of Mourning {freeze,
                  | ^Fragile rC+++ Str+3 Stlth+}
 29754 | Swamp:2  | Found a transporter.
 29787 | Swamp:2  | Found a bloodstained altar of Trog.
 29871 | Swamp:3  | Noticed a thorn hunter
 29920 | Swamp:3  | Killed a thorn hunter
 30026 | Swamp:3  | Received a gift from Okawaru
 30150 | Swamp:3  | Noticed Mlioglotl
 30166 | Swamp:3  | Killed Mlioglotl
 30555 | Swamp:4  | Entered Level 4 of the Swamp
 30558 | Swamp:4  | Identified the +8 rapier of Shrieking Terror {freeze,
                  | *Noise rN+ Dex+5}
 30943 | Swamp:4  | Received a gift from Okawaru
 31012 | Swamp:4  | Reached XP level 17. HP: 151/196 MP: 26/26
 31553 | Swamp:4  | Got a decaying rune of Zot
 31674 | Spider:1 | Entered Level 1 of the Spider Nest
 31678 | Lair:3   | Received a gift from Okawaru
 31682 | Lair:3   | Upgraded the game from 0.31.0-11-ge490571c62 to
                  | 0.31.0-12-g77e489cdc1
 31724 | Lair:3   | Reached skill level 10 in Armour
 32423 | Spider:1 | Received a gift from Okawaru
 32812 | Spider:1 | Reached skill level 15 in Throwing
 33518 | Spider:2 | Received a gift from Okawaru
 33589 | Spider:2 | Reached XP level 18. HP: 206/206 MP: 27/27
 34134 | Spider:3 | Noticed Agnes
 34140 | Spider:3 | Killed Agnes
 34141 | Spider:3 | Reached skill level 10 in Shields
 34566 | Spider:3 | Received a gift from Okawaru
 35075 | Spider:3 | Noticed Arachne
 35084 | Spider:3 | Killed Arachne
 35738 | Spider:4 | Entered Level 4 of the Spider Nest
 35885 | Spider:4 | Identified the staff "Vokiutam" {rPois rF+ rCorr Fire
                  | Alchemy}
 36607 | Spider:4 | Received a gift from Okawaru
 37837 | Spider:4 | Received a gift from Okawaru
 37932 | Spider:4 | Got a gossamer rune of Zot
 37940 | Spider:4 | Identified the +1 hat of the Ghostly Grue {rElec rC++
                  | Str+4}
 38385 | Elf:1    | Entered Level 1 of the Elven Halls
 38396 | Elf:1    | Noticed a deep elf blademaster
 38424 | Elf:1    | Killed a deep elf blademaster
 38425 | Elf:1    | Noticed a deep elf blademaster
 38445 | Elf:1    | Killed a deep elf blademaster
 38446 | Elf:1    | Reached XP level 19. HP: 135/209 MP: 23/28
 38886 | Elf:1    | Identified the +0 leather armour of the Northern Lights
                  | {Str+5}
 39119 | Elf:2    | Received a gift from Okawaru
 39138 | Elf:2    | Paralysed by an air elemental for 1 turns
 39514 | Elf:2    | Found a runed translucent gate.
 39514 | Elf:2    | Found a runed translucent gate.
 39514 | Elf:2    | Found a runed translucent gate.
 39771 | Elf:3    | Entered Level 3 of the Elven Halls
 40787 | Elf:3    | Paralysed by an air elemental for 1 turns
 40790 | Elf:3    | Paralysed by an air elemental for 1 turns
 40801 | Elf:3    | Received a gift from Okawaru
 40810 | Elf:3    | Noticed a Brimstone Fiend
 40895 | Elf:3    | Noticed an Ice Fiend
 40995 | Elf:3    | Identified the +2 scale mail of Bad Feelings {rF+ Str+2}
 41004 | Elf:3    | Reached skill level 15 in Shields
 41173 | Elf:3    | Received a gift from Okawaru
 41189 | Elf:3    | Reached XP level 20. HP: 223/223 MP: 29/29
 41193 | Elf:3    | Identified the ring "Zuotosmi" {rF+ rC+ Will++ Slay+4}
 41292 | Elf:3    | Identified the +0 robe of Moral Flaws {MP+9}
 41295 | Elf:3    | Identified the staff "Punke Tuq" {Int+3 Conj}
 41302 | Elf:3    | Identified the +0 pair of gloves of the Leaf {rCorr Str+4}
 41601 | Depths:1 | Entered Level 1 of the Depths
 41641 | Vaults:1 | Entered Level 1 of the Vaults
 41740 | Vaults:1 | Reached skill level 19 in Fighting
 41840 | D:13     | Received a gift from Okawaru
 42101 | Vaults:1 | Received a gift from Okawaru
 43329 | Vaults:2 | Received a gift from Okawaru
 43687 | Vaults:2 | Found a staircase to the Crypt.
 44074 | Vaults:3 | Received a gift from Okawaru
 44081 | Vaults:3 | Reached XP level 21. HP: 214/236 MP: 31/31
 44115 | Vaults:3 | Reached skill level 20 in Fighting
 44760 | Vaults:3 | Received a gift from Okawaru
 44933 | Vaults:3 | Reached skill level 15 in Armour
 45561 | Vaults:4 | Received a gift from Okawaru
 45582 | Vaults:4 | Reached skill level 5 in Evocations
 45764 | Vaults:4 | Noticed Norris
 45768 | Vaults:4 | Killed Norris
 46011 | Vaults:4 | Reached skill level 21 in Fighting
 46295 | Vaults:4 | Identified the +3 chain mail of Inquiry {Int+3}
 46420 | Vaults:4 | Received a gift from Okawaru
 46421 | Vaults:4 | Reached XP level 22. HP: 229/252 MP: 32/32
 46439 | Vaults:4 | Identified the staff "Gues" {Fly rF+ rN+++ Will- Stlth+
                  | Fire}
 46755 | Vaults:5 | Entered Level 5 of the Vaults
 46761 | Vaults:5 | Noticed a golden dragon
 46773 | Vaults:5 | Killed a golden dragon
 46887 | Vaults:5 | Received a gift from Okawaru
 47108 | Vaults:5 | Got a silver rune of Zot
 47329 | Vaults:5 | Received a gift from Okawaru
 47375 | Vaults:5 | Reached skill level 22 in Fighting
 47386 | Vaults:5 | Identified the +8 great sword "Eggoset" {holy, rC++ rCorr}
 47427 | Vaults:5 | Identified the +1 mace "Nudad" {spect, *Rage rPois SInv
                  | Stlth+}
 47522 | Vaults:5 | Noticed an ancient lich
 47524 | Vaults:5 | Killed an ancient lich
 47525 | Vaults:5 | Found Mowk's Distillery.
 47526 | Vaults:5 | Found Zogu's Distillery.
 47526 | Vaults:5 | Noticed a golden dragon
 47565 | Vaults:5 | Killed a golden dragon
 47608 | Vaults:5 | Found Waixal's Antique Weapon Boutique.
 47616 | Vaults:5 | Bought a potion of heal wounds for 80 gold pieces
 47616 | Vaults:5 | Bought a potion of heal wounds for 80 gold pieces
 47616 | Vaults:5 | Bought a potion of resistance for 160 gold pieces
 47616 | Vaults:5 | Bought 2 potions of mutation for 256 gold pieces
 47616 | Vaults:5 | Bought a potion of might for 64 gold pieces
 47616 | Vaults:5 | Bought a potion of heal wounds for 80 gold pieces
 47635 | Vaults:5 | Received a gift from Okawaru
 47650 | Vaults:5 | Bought a potion of heal wounds for 120 gold pieces
 47650 | Vaults:5 | Bought a potion of haste for 240 gold pieces
 47650 | Vaults:5 | Bought a potion of heal wounds for 120 gold pieces
 47650 | Vaults:5 | Bought a potion of curing for 72 gold pieces
 47650 | Vaults:5 | Bought a potion of heal wounds for 120 gold pieces
 47808 | Vaults:5 | Identified the +0 plate armour of Loanaas {Rampage Int+2}
 47955 | Vaults:5 | Reached XP level 23. HP: 96/247 MP: 33/33
 47980 | Vaults:5 | Found Kites's General Store.
 48052 | Vaults:5 | Bought a scroll of teleportation for 51 gold pieces
 48052 | Vaults:5 | Bought a scroll of teleportation for 51 gold pieces
 48052 | Vaults:5 | Bought a potion of haste for 170 gold pieces
 48102 | Vaults:5 | Received a gift from Okawaru
 48758 | Depths:1 | Found a gateway to Hell.
 48946 | Depths:1 | Found an iron altar of Okawaru.
 49000 | Depths:1 | Noticed Nikola
 49015 | Depths:1 | Killed Nikola
 49079 | Depths:1 | Received a gift from Okawaru
 49318 | Depths:1 | Reached skill level 23 in Fighting
 49439 | Depths:1 | Found a runed translucent door.
 49467 | Depths:1 | Found a one-way gate to the infinite horrors of the Abyss.
 50379 | Depths:2 | Received a gift from Okawaru
 50652 | Depths:2 | Noticed a dread lich
 50673 | Depths:2 | Killed a dread lich
 50688 | Depths:2 | Received a gift from Okawaru
 50713 | Depths:2 | Identified the +5 war axe of Bonith {flame, +Blink rCorr
                  | Int+5}
 50976 | Depths:2 | Noticed Bai Suzhen
 50982 | Depths:2 | Killed Bai Suzhen
 51010 | Depths:2 | Reached XP level 24. HP: 276/279 MP: 28/33
 51210 | Depths:2 | Found a one-way gate leading to the halls of Pandemonium.
 51283 | Depths:2 | Received a gift from Okawaru
 51652 | Depths:3 | Identified the +8 morningstar of Destiny {speed, *Noise rF+
                  | Int+4}
 51997 | Depths:3 | Noticed a caustic shrike
 52015 | Depths:3 | Received a gift from Okawaru
 52024 | Depths:3 | Killed a caustic shrike
 52068 | Depths:3 | Reached skill level 24 in Fighting
 52560 | Depths:3 | Received a gift from Okawaru
 53019 | Depths:4 | Entered Level 4 of the Depths
 53062 | Depths:4 | Found Bizev's Book Boutique.
 53072 | Depths:4 | Found a one-way gateway to a ziggurat.
 53104 | Depths:4 | Found Liorphabikk's Jewellery Emporium.
 53141 | Depths:4 | Found a magical portal.
 53146 | WizLab   | Entered Maxwell's Workshop
 53281 | WizLab   | Identified the ring "Urchagg" {Fire *Slow rPois Dex+7
                  | Stlth-}
 53552 | WizLab   | Identified the +1 robe of the Skies Above {rF+ Archmagi}
 53588 | WizLab   | Received a gift from Okawaru
 53996 | Depths:4 | Found a gate to the Realm of Zot.
 54046 | Depths:4 | Reached XP level 25. HP: 222/292 MP: 33/33
 54734 | Zot:1    | Entered Level 1 of the Realm of Zot
 54740 | Zot:1    | Received a gift from Okawaru
 55168 | Zot:1    | Noticed Vv
 55176 | Zot:1    | Killed Vv
 55747 | Zot:2    | Received a gift from Okawaru
 56026 | Zot:2    | Reached skill level 25 in Fighting
 56203 | Zot:2    | Noticed an orb of fire
 56203 | Zot:2    | Gained mutation: Your body sometimes deteriorates upon
                  | taking damage. [an orb of fire]
 56206 | Zot:2    | Gained mutation: You are vulnerable to cold. (rC-) [an orb
                  | of fire]
 56217 | Zot:2    | Killed an orb of fire
 57041 | Zot:2    | Found a shimmering blue altar of Sif Muna.
 57308 | Zot:3    | Received a gift from Okawaru
 58045 | Zot:3    | Reached XP level 26. HP: 119/306 MP: 33/33
 58046 | Zot:3    | Gained mutation: You are partially covered in large bone
                  | plates. (SH +4) [mutagenic glow]
 58058 | Zot:3    | Gained mutation: You are dopey. (Int -2) [mutagenic glow]
 58332 | Zot:4    | Received a gift from Okawaru
 58849 | Zot:4    | Reached skill level 26 in Fighting
 58939 | Zot:5    | Entered Level 5 of the Realm of Zot
 59418 | Zot:5    | Received a gift from Okawaru
 59824 | Zot:5    | Noticed a dread lich
 59824 | Zot:5    | Noticed an orb of fire
 59839 | Zot:5    | Killed an orb of fire
 59851 | Zot:5    | Killed a dread lich
 59852 | Zot:5    | Noticed an orb of fire
 59852 | Zot:5    | Noticed an orb of fire
 59865 | Zot:5    | Killed an orb of fire
 59866 | Zot:5    | Noticed an orb of fire
 59868 | Zot:5    | Gained mutation: You are vulnerable to heat. (rF-) [an orb
                  | of fire]
 59876 | Zot:5    | Killed an orb of fire
 59894 | Zot:5    | Killed an orb of fire
 59895 | Zot:5    | Noticed a Killer Klown
 59895 | Zot:5    | Noticed an ancient lich
 59911 | Zot:5    | Killed a Killer Klown
 59919 | Zot:5    | Killed an ancient lich
 60069 | Zot:5    | Lost mutation: You are vulnerable to heat. (rF-) [potion of
                  | mutation]
 60069 | Zot:5    | Lost mutation: You are vulnerable to cold. (rC-) [potion of
                  | mutation]
 60069 | Zot:5    | Lost mutation: You are dopey. (Int -2) [potion of mutation]
 60069 | Zot:5    | Gained mutation: You are agile. (Dex +4, Str/Int -1)
                  | [potion of mutation]
 60310 | Zot:5    | Reached XP level 27. HP: 321/321 MP: 33/33
 60331 | Zot:5    | Received a gift from Okawaru
 60346 | Zot:5    | Got the Orb of Zot
 60669 | Depths:1 | Noticed Xogaogye the pandemonium lord
 60702 | Depths:1 | Killed Xogaogye the pandemonium lord
 60766 | D:14     | Noticed Ytsy the pandemonium lord
 60788 | D:14     | Killed Ytsy the pandemonium lord
 60789 | D:14     | Reached skill level 27 in Fighting
 61021 | D:4      | Noticed Vuopygisop the pandemonium lord
 61039 | D:4      | Killed Vuopygisop the pandemonium lord
 61119 | D:$      | Escaped with the Orb!

Illustrated notes

Levels and vault maps discovered:
D:1:      dpeg_arrival_snail, layout_basic
D:2:      layout_loops_ring, minmay_ruptured, uniq_terence
D:3:      layout_basic, makhleb_altar_promises_db, marbit_many_paths,
          uniq_crazy_yiuf_cottage, uniq_ijyb, uniq_robin
D:4:      layout_loops_ring, nicolae_hepliaklqana_hippocampus,
          mainiacjoe_overflow_large_starburst
D:5:      layout_basic, pf_just_have_faith, minmay_temple_entry_ruins
D:6:      layout_gridville, cheibrodos_sewer_entry_bend, uniq_jeremiah
D:7:      layout_basic, grunt_temple_overflow_open, serial_shops, shop
D:8:      layout_gridville, mainiacjoe_overflow_concentric_impassable,
          serial_demonic, serial_demonic_f, serial_demonic_d, serial_demonic_c,
          serial_demonic_g
D:9:      kennysheep_big_flooded_room, layout_loops_cross, tso_altar,
          kennysheep_orc_monster_closet_entryway, uniq_prince_ribbit1
D:10:     layout_gridville, chequers_temple_overflow_statue_of_worship,
          zin_scriptorium, serial_shops, nicolae_shop_pleasant_corner_grove,
          minmay_misc_feat_tiny, grunt_decor_resistance,
          chequers_serial_rivers_small_a
D:11:     layout_loops_ring, due_lair_maze_entry_diamond, nrook_pool_corridor
D:12:     layout_rooms
D:13:     layout_grid_maze, david_vaults_2, uniq_lodul
D:14:     layout_loops_ring, nicolae_sextant, lightli_corner_chamber
D:15:     hangedman_depths_entry_civil_slaughter, layout_gridville,
          chequers_serial_rivers_room_a, minmay_beelzebubs_servants
Temple:   hellmonk_temple_of_storms
Lair:1:   layout_regular_city, gammafunk_ghost_necromancy,
          nicolae_volcano_entry_s_turn, grunt_megastairs_5, uniq_erica,
          uniq_urug
Lair:2:   layout_chaotic_city, chequers_serial_rivers_room_b,
          cheibrodos_lair_lostbears
Lair:3:   layout_regular_city, minmay_swamp_entry_reptiles,
          spider_nest_entry_webs
Lair:4:   layout_regular_city, portal_ice_cave_entry_imps, roderic_carrion_pond,
          kennysheep_basilisk_garden, infiniplex_staircase_pool_2
Swamp:1:  tekkud_swamp_unearthing_site, layout_basic_swamp,
          evilmike_swamp_ruin_house_2, evilmike_swamp_ruin_house_5,
          swamp_pool_3, nicolae_swamp_bunyip_nook
Swamp:2:  nicolae_swamp_ascending_descending, layout_falls_marsh,
          gammafunk_ghost_wrathful_warriors, lemuel_altar_in_water,
          infiniplex_staircase_pool, uniq_roxanne
Swamp:3:  layout_falls_marsh, nicolae_swamp_reclaimed_castle, uniq_mlioglotl
Swamp:4:  swamp_vile, layout_basic_swamp
Spider:1: spider_temple_joshua
Spider:2: layout_spider_delve, nicolae_spider_eight_legs
Spider:3: layout_chambers, uniq_agnes, uniq_arachne
Spider:4: hellmonk_spider_rune_bug_friends
Orc:1:    layout_caves, serial_shops, shop
Orc:2:    grunt_orc_cross, layout_caves
Elf:1:    layout_loops_cross, minmay_elf_crystal_heptagon,
          nicolae_elf_martial_mastery
Elf:2:    nicolae_elf_blades_splatter_lattice [nicolae_blade_entry_antechamber],
          layout_loops_ring, uniq_louise
Elf:3:    elf_hall, layout_gridlike, minivault_16
Vaults:1: nicolae_vaults_storage_closets_1, nicolae_vaults_tetromino_Z_2,
          nicolae_vaults_corpse_flower, nicolae_vaults_diagonal_hallway_9,
          v_misc_15, nicolae_vaults_heart-shaped_vault,
          nicolae_vaults_stepped_doors, nicolae_vaults_yaktaur_gun_rack,
          vaults_mumra_chevron_long, hangedman_vaults_corner,
          vaults_dpeg_emergency_exit, nicolae_vaults_alarming,
          layout_vaults_omnicross
Vaults:2: minmay_crypt_entry_vampire_xt, nicolae_vaults_heart-shaped_vault,
          ontoclasm_vaults_pinch, nicolae_vaults_tetromino_Z_1, v_rooms_6,
          nicolae_vaults_trapezoid_4, v_misc_4, dpeg_vaults_monster_box,
          vaults_room_door_ring, layout_vaults_big_room
Vaults:3: v_misc_10, vaults_dpeg_spiral, nicolae_vaults_hallways_thing,
          nicolae_vaults_offset_grid_hallway_3, vaults_room_pools,
          grunt_vaults_swirl, vaults_mumra_minichess_inversion,
          nicolae_vaults_offset_grid_hallway_4, v_misc_26, v_pattern_5,
          v_misc_5, vaults_room_pool, grunt_vaults_focal,
          ontoclasm_vaults_decontamination, nicolae_vaults_double_plus_2,
          nicolae_vaults_tetromino_T_2, nicolae_vaults_house_1,
          layout_vaults_ring
Vaults:4: v_misc_17, v_misc_33, nicolae_vaults_six-pack,
          hangedman_vaults_unwind, ontoclasm_vaults_spin,
          nicolae_vaults_doubleplus_tesselated, ontoclasm_vaults_eye,
          nicolae_vaults_enemy_cabinets, nicolae_vaults_trapezoid_lopsided_1,
          vaults_room_hallway, layout_vaults_omnigrid, uniq_norris
Vaults:5: serial_shops
Depths:1: layout_roguey, okawaru_trees_1, abyss_entry, hellmouth_3,
          lightli_giant_bouncers, uniq_nikola
Depths:2: bobbens_index_wilting_gardens, layout_cave_pools,
          hangedman_decor_opposing, pf_hell_entry_great_geh,
          abyss_entry_small_statue_room, pan_entry, st_stairs_7,
          minmay_misc_feat_hallway, infiniplex_staircase_trident,
          uniq_bai_suzhen
Depths:3: angbandy_vault, layout_basic, minmay_room_of_horrors, hell_entry,
          dk_noncrumbling_2, library_closet
Depths:4: evilmike_zot_entry_argh, layout_cave_pools, enter_ziggurat_a,
          serial_shops, shop, nicolae_lakefront_shop, pan_entry, hell_entry,
          nicolae_twisting_strands, serial_column_ruins, column_ruins_columns_T,
          column_ruins_open_small, column_ruins_grid_4, column_ruins_open_large,
          column_ruins_columns_plus, column_ruins_open_tiny,
          column_ruins_grid_1, mu_enter_wizlab_2, eino_curves_02
Zot:1:    layout_cellular_growth, uniq_vv
Zot:2:    kennysheep_blocky_room, layout_gridlike, regret_index_zotdec_magical_s
Zot:3:    layout_misc_corridors, regret_index_zotdec_fiery_em,
          lemuel_golem_globe
Zot:4:    layout_basic, st_stairs_13, zot_minivault_5
Zot:5:    layout_basic

Skill      XL: |  1  2  3  4  5  6  7  8  9 10 11 12 13 14 15 16 17 18 19 20 21 22 23 24 25 26 27 |
---------------+----------------------------------------------------------------------------------+-----
Fighting       | 3 4 5 6 7 9 11 13 14 16 17 18 19 21 22 23 24 25 26 27 | 27.0
Dodging        | 3 4 |  4.0
Maces & Flails | 4 5 7 8 10 12 14 15 16 | 16.0
Throwing       | 3 4 5 6 9 11 12 14 15 16 17 18 19 20 21 22 | 22.7
Invocations    | 3 6 11 12 13 14 | 14.0
Armour         | 1 4 5 6 7 9 10 12 13 14 15 16 17 18 19 | 19.1
Shields        | 3 5 6 9 12 15 16 17 19 20 | 20.9
Evocations     | 4 5 8 9 |  9.0

Action                     |  1- 3 |  4- 6 |  7- 9 | 10-12 | 13-15 | 16-18 | 19-21 | 22-24 | 25-27 || total
---------------------------+-------+-------+-------+-------+-------+-------+-------+-------+-------++-------
  Melee: Flail             |    38 |    74 |       |   256 |       |       |       |       |       ||   368
         Headbutt          |    13 |    23 |    37 |   163 |   334 |   468 |   499 |   640 |   416 ||  2593
         Short sword       |    63 |    41 |       |       |       |       |       |       |       ||   104
         Punch             |     2 |     1 |     4 |       |       |       |       |       |       ||     7
         Dire flail        |       |    49 |    79 |    11 |       |       |       |       |       ||   139
         War axe           |       |       |   191 |    25 |       |       |       |       |       ||   216
         Morningstar       |       |       |       |   457 |   713 |       |       |   490 |  1064 ||  2724
         Demon whip        |       |       |       |       |   672 |  1610 |  1547 |  1230 |       ||  5059
  Throw: Stone             |     4 |     9 |    15 |       |       |       |       |       |       ||    28
         Javelin           |       |       |     3 |       |    13 |    12 |    25 |     3 |     5 ||    61
         Dart              |       |       |    15 |    17 |    10 |       |     4 |       |     1 ||    47
         Large rock        |       |       |       |       |    16 |    72 |    66 |   106 |   162 ||   422
 Invoke: Heroism           |       |       |     1 |     5 |     6 |     9 |     2 |     4 |    10 ||    37
         Finesse           |       |       |       |     3 |     3 |     3 |       |     5 |     8 ||    22
         Receive Weapon    |       |       |       |       |     1 |       |       |       |       ||     1
         Receive Armour    |       |       |       |       |     1 |       |       |       |       ||     1
  Evoke: Wand              |       |     1 |     2 |     2 |       |     1 |       |       |     3 ||     9
    Use: Scroll            |     2 |     1 |     6 |     5 |    10 |    13 |     5 |     7 |     5 ||    54
         Potion            |       |     1 |     7 |     1 |     1 |     7 |     3 |     3 |    10 ||    33
   Stab: Sleeping          |     2 |       |       |       |       |       |       |       |       ||     2
         Invisible         |       |       |     1 |       |       |       |       |       |     1 ||     2
         Confused          |       |       |       |       |     1 |       |       |       |       ||     1
         Held in net/web   |       |       |       |       |     1 |       |       |       |       ||     1
         Petrifying        |       |       |       |       |     1 |       |       |       |       ||     1
         Paralysed         |       |       |       |       |     1 |       |       |       |       ||     1
         Distracted        |       |       |       |       |       |       |       |       |     1 ||     1
 Armour: Robe              |    44 |    97 |   208 |    32 |       |       |       |       |       ||   381
         Steam dragon scal |       |       |    27 |   518 |   164 |       |       |       |       ||   709
         Ice dragon scales |       |       |       |       |   225 |       |       |       |       ||   225
         Gold dragon scale |       |       |       |       |   603 |  1265 |   727 |   678 |   527 ||  3800
         Troll leather arm |       |       |       |       |   105 |       |       |       |       ||   105
  Dodge: Dodged            |    34 |    76 |   194 |   281 |   281 |   146 |    95 |    93 |    70 ||  1270
  Block: Kite shield       |       |       |       |   204 |   518 |   211 |       |       |       ||   933
         Tower shield      |       |       |       |       |       |  1189 |  1268 |  1102 |   848 ||  4407
